 Dungeon Crawl Stone Soup version 0.25.1-2-g60ff931df9 (webtiles) character file.

Game seed: 17410393707787825214

20478 Chimkentus the Fighter (level 12, -3/86 HPs)
             Began as an Octopode Assassin on Aug 29, 2020.
             Was an Elder of Wu Jian.
             Slain by an elephant (18 damage)
             ... on level 2 of the Lair of Beasts.
             The game lasted 02:01:18 (21095 turns).

Chimkentus the Fighter (Octopode Assassin)         Turns: 21095, Time: 02:01:18

Health: -3/86      AC:  1    Str: 10    XL:     12   Next: 79%
Magic:  19/19      EV: 20    Int: 15    God:    Wu Jian [****..]
Gold:   316        SH:  5    Dex: 17    Spells: 12/20 levels left

rFire    . . .     SeeInvis +   M - +3 falchion (protect)
rCold    . . .     Gourm    .   (no shield)
rNeg     . . .     Faith    .   (helmet restricted)
rPois    +         Spirit   .   G - amulet of reflection
rElec    .         Reflect  +   u - ring of wizardry
rCorr    .         Harm     .   v - ring of flight
MR       .....                  y - +4 ring of slaying
Stlth    +++++.....             F - ring of see invisible
HPRegen  0.24/turn              K - ring of poison resistance
MPRegen  0.16/turn              (no ring)
                                (no ring)
                                (no ring)

@: no status effects
A: almost no armour, stealthy swim, amphibious, 8 rings, constrict 8, camouflage
1, gelatinous body 1
a: Wall Jump, Serpent's Lash, Renounce Religion, Evoke Flight


You were on level 2 of the Lair of Beasts.
You worshipped Wu Jian.
Wu Jian was greatly pleased with you.
You were hungry.

You visited 3 branches of the dungeon, and saw 13 of its levels.

You collected 610 gold pieces.
You spent 294 gold pieces at shops.

Inventory:

Hand Weapons
 n - a +2 dagger of pain
 B - a +4 vampiric dagger
 D - a +2 dagger of protection
 E - a +1 dagger of draining
 J - a +1 dagger of speed
 M - a +3 falchion of protection (weapon)
 S - a +0 hunting sling
Missiles
 b - 93 poisoned darts (quivered)
 c - 8 curare-tipped darts
 m - 220 arrows
 o - 105 sling bullets
 H - 9 boomerangs
 I - 2 throwing nets
Jewellery
 u - a ring of wizardry (left tentacle)
 v - a ring of flight (right tentacle)
 y - a +4 ring of slaying (on tentacle)
 F - a ring of see invisible (on tentacle)
 G - an amulet of reflection (around mantle)
 K - a ring of poison resistance (on tentacle)
Wands
 s - a wand of enslavement (5)
 N - a wand of digging (6)
 P - a wand of acid (5)
 Q - a wand of paralysis (3)
Scrolls
 f - 3 scrolls of fog
 g - 7 scrolls of remove curse
 i - 6 scrolls of magic mapping
 j - 4 scrolls of teleportation
 l - 6 scrolls of identify
 q - 4 scrolls of fear
 r - a scroll of blinking
 w - a scroll of amnesia
Potions
 a - a potion of resistance
 e - 3 potions of mutation
 h - a potion of haste
 k - 3 potions of curing
 p - a potion of brilliance
 t - 2 potions of berserk rage
 x - 6 potions of heal wounds
 z - a potion of flight
 A - a potion of lignification
 O - a potion of magic
Comestibles
 d - 36 rations


   Skills:
 * Level 9.6 Fighting
 + Level 6.0(7.5) Short Blades
 + Level 6.9(8.0) Long Blades
   Level 1.4 Maces & Flails
 + Level 3.1(6.0) Slings
 + Level 7.9(8.2) Throwing
 * Level 9.2 Dodging
 + Level 9.4 Stealth
 + Level 4.7 Spellcasting
 + Level 0.6 Hexes
 + Level 2.3 Charms
 * Level 6.8 Transmutations
 + Level 1.5 Evocations


You had 12 spell levels left.
You knew the following spells:

 Your Spells              Type           Power        Failure   Level  Hunger
a - Beastly Appendage     Tmut           ###...       1%          1    None
b - Sticks to Snakes      Tmut           ###.....     1%          2    ##.....
c - Apportation           Tloc           #.....       7%          1    None
d - Corona                Hex            #......      5%          1    None
e - Infusion              Chrm           ##..         2%          1    None
f - Swiftness             Chrm/Air       #.......     6%          2    ##.....

Your spell library contained the following spells:

 Spells                   Type           Power        Failure   Level  Hunger
 Spider Form              Tmut/Pois      ##........   4%          3    ###....
 Animate Skeleton         Necr           N/A          7%          1    None
 Magic Dart               Conj           #...         7%          1    None
 Summon Small Mammal      Summ           #...         7%          1    None
 Ensorcelled Hibernation  Hex/Ice        #.....       9%          2    ##.....
 Searing Ray              Conj           #.....       11%         2    ##.....
 Blade Hands              Tmut           ###.......   12%         5    ######.
 Ice Form                 Ice/Tmut       ##......     16%         4    ####...
 Dazzling Flash           Conj/Hex       #.....       17%         3    ###....
 Mephitic Cloud           Conj/Pois/Air  #.......     21%         3    ###....
 Fulminant Prism          Conj/Hex       #.........   50%         4    ####...
 Iskenderun's Mystic Bla  Conj/Tloc      #.......     52%         4    ####...
 Iskenderun's Battlesphe  Conj/Chrm      #.......     71%         5    ######.
 Silence                  Hex/Air        #.........   82%         5    ######.
 Borgnjor's Vile Clutch   Necr/Erth      #.........   86%         5    ######.
 Lightning Bolt           Conj/Air       #.........   86%         5    ######.
 Darkness                 Hex            #.........   100%        6    #######
 Shadow Creatures         Summ           N/A          100%        6    #######


Dungeon Overview and Level Annotations

Branches:
Dungeon (10/15)            Temple (1/1) D:4            Lair (2/6) D:10
  Swamp: Lair:2-4    Shoals: Lair:2-4     Snake: Lair:2-4    Spider: Lair:2-4
    Orc: D:9-12

Altars:
Ashenzari
Cheibriados
Dithmenos
Elyvilon
Fedhas
Gozag
Hepliaklqana
Kikubaaqudgha
Makhleb
Nemelex Xobeh
Okawaru
Qazlal
Ru
Sif Muna
Trog
Uskayaw
Vehumet
Wu Jian
Xom
Yredelemnul
Zin
The Shining One

Shops:
D:10 }=*=

Annotations:
D:4 Ijyb, Sigmund
Lair:2 Harold


Innate Abilities, Weirdness & Mutations

You cannot wear most types of armour.
You are very stealthy in the water. (Stealth+)
You are amphibious.
You can wear up to eight rings at the same time.
You can use your tentacles to constrict eight enemies at once.
Your skin changes colour to match your surroundings (Stealth+).
Your rubbery body absorbs attacks. (AC +1, EV +1)


Message History

You spin and attack the elephant.
You hit the elephant.
The elephant is severely wounded.
The elephant tramples you!
* * * LOW HITPOINT WARNING * * *
You stumble backwards!
Unknown command.
You see here a poisoned dart.
You are feeling hungry.
Okay, then.
You see here a poisoned dart.
Evoke which item? (* to show all) (? for menu, Esc to quit)
Aiming: Corrosive Bolt
Press: ? - help, Shift-Dir - straight line, f - elephant
Aim: an elephant (moderately wounded)
The bolt of acid hits the elephant!
The elephant is splashed with acid.
The elephant is almost dead.
The bolt of acid hits the elephant.
The elephant is splashed with acid.
The elephant is moderately wounded.
The elephant tramples you!!
You die...

##......#)......####..######
##.####.......## #### #.##
##........# # ###
#.........## # #..........#
# ##........P# ###
##........# #.. #........##
#.. ##.....@..# #..
#......Y.### ####.
#.#......#.###### #....
####....(Y###.♣.####...
###....Y♣......###..
###....♣.>.♣## #..
###.#.....# #.. ####(..##
#.. ##....# #..


You could see 3 elephants.

Vanquished Creatures
  3 two-headed ogres
  Sonja (Lair:1)
  An unseen horror (D:10)
  5 elephants (Lair:2)
  A black mamba (Lair:2)
  Joseph (D:10)
  A centaur skeleton (D:10)
  A komodo dragon (Lair:1)
  2 spiny frogs (Lair:2)
  A polar bear (Lair:2)
  A troll (D:10)
  A hornet (D:8)
  5 blink frogs
  4 hippogriffs
  A spriggan (D:7)
  3 basilisks
  21 yaks
  A hungry ghost (D:9)
  Menkaure (D:6)
  An acid dragon (D:9)
  8 water moccasins
  A porcupine (Lair:2)
  3 ice beasts
  2 sky beasts
  7 phantoms
  4 orc warriors
  3 ogres
  5 centaurs
  5 wolves
  A big kobold (D:7)
  4 crocodiles
  8 bullfrogs
  A water moccasin zombie (D:10)
  4 scorpions
  A wyvern skeleton (D:7)
  18 killer bees
  3 wights (D:10)
  2 howler monkeys (D:7)
  6 electric eels (D:10)
  2 crimson imps
  3 jellies
  3 bullfrog zombies
  2 quasits
  2 centaur zombies
  7 orc priests
  6 bullfrog skeletons
  10 hounds
  13 orc wizards
  3 iguanas
  5 hell rats (Lair:1)
  6 worker ants
  A killer bee zombie (D:10)
  A hound zombie (D:5)
  2 worker ant zombies (D:7)
  Robin (D:4)
  7 gnolls (D:8)
  2 river rats (Lair:1)
  8 adders
  3 shadow imps
  2 oozes
  A worm (D:2)
  5 adder skeletons
  An adder zombie (D:8)
  A dart slug (D:5)
  5 leopard geckos
  48 orcs
  4 ball pythons
  4 bats
  6 giant cockroaches
  12 goblins
  9 hobgoblins
  12 jackals
  5 quokkas
  2 frilled lizards (D:1)
  10 kobolds
  A leopard gecko skeleton (D:4)
  14 rats
371 creatures vanquished.

Vanquished Creatures (others)
  A fungus (Lair:2)
  2 plants (Lair:2)
3 creatures vanquished.

Grand Total: 374 creatures vanquished

Notes
Turn   | Place    | Note
-------+----------+-------------------------------------------
     0 | D:1      | Chimkentus the Octopode Assassin began the quest for the
                  | Orb.
     0 | D:1      | Reached XP level 1. HP: 14/14 MP: 1/1
   350 | D:1      | Reached XP level 2. HP: 19/19 MP: 2/2
  1188 | D:2      | Reached XP level 3. HP: 25/25 MP: 3/3
  1975 | D:3      | Noticed a sky beast
  1987 | D:3      | Reached XP level 4. HP: 27/30 MP: 4/4
  2114 | D:3      | HP: 1/30 [something (6)]
  2587 | D:3      | You fall into a shaft and drop 2 floors!
  2587 | D:5      | Entered Level 5 of the Dungeon
  2610 | D:5      | Noticed a phantom
  2613 | D:5      | Found a basalt altar of Yredelemnul.
  2614 | D:5      | Noticed an ice beast
  2676 | D:5      | Killed an ice beast
  2676 | D:5      | Reached XP level 5. HP: 7/36 MP: 5/5
  2956 | D:5      | Found a burning altar of Makhleb.
  3002 | D:5      | Reached XP level 6. HP: 40/42 MP: 6/6
  3128 | D:5      | Found a shimmering blue altar of Sif Muna.
  3598 | D:5      | You fall into a shaft and drop 3 floors!
  3640 | D:8      | Noticed a phantom
  3686 | D:8      | Reached XP level 7. HP: 43/47 MP: 7/7
  3899 | D:8      | Noticed a hippogriff
  4933 | D:6      | Found a burning altar of Makhleb.
  4963 | D:6      | Noticed Menkaure
  4966 | D:6      | Killed Menkaure
  4966 | D:6      | Reached skill level 5 in Throwing
  4966 | D:6      | Reached XP level 8. HP: 54/54 MP: 8/8
  5245 | D:6      | Reached skill level 5 in Dodging
  5388 | D:5      | Reached skill level 5 in Fighting
  5981 | D:4      | Noticed Robin
  5981 | D:4      | Noticed Ijyb
  6103 | D:4      | Noticed Sigmund
  6285 | D:4      | Reached skill level 5 in Short Blades
  6295 | D:4      | Found a hazy altar of Hepliaklqana.
  6335 | D:4      | Found a hide-covered altar of Uskayaw.
  6432 | D:4      | Found a staircase to the Ecumenical Temple.
  6438 | Temple   | Entered the Ecumenical Temple
  6479 | Temple   | Became a worshipper of the Wu Jian Council
  6528 | D:4      | Reached skill level 1 in Long Blades
  6719 | D:4      | Killed Robin
  6892 | D:3      | Found a snail-covered altar of Cheibriados.
  6892 | D:3      | Found a glowing golden altar of the Shining One.
  6893 | D:3      | Found an iron altar of Okawaru.
  6894 | D:3      | Found an opulent altar of Gozag.
  6894 | D:3      | Found a glowing silver altar of Zin.
  6899 | D:3      | Found a shimmering altar of Xom.
  6921 | D:3      | Found a stormy altar of Qazlal.
  7048 | D:3      | Reached XP level 9. HP: 50/61 MP: 9/9
  7166 | D:3      | Reached skill level 1 in Maces & Flails
  7191 | D:3      | Reached * piety under Wu Jian
  7503 | D:4      | Found a sparkling altar of Nemelex Xobeh.
  7539 | D:4      | You fall into a shaft and drop 2 floors!
  9438 | D:7      | Learned a level 1 spell: Beastly Appendage
  9445 | D:7      | Learned a level 2 spell: Sticks to Snakes
  9488 | D:7      | Reached ** piety under Wu Jian
  9488 | D:7      | Reached skill level 1 in Slings
  9734 | D:7      | Reached skill level 1 in Transmutations
 10142 | D:8      | Noticed a hornet
 10150 | D:8      | Killed a hornet
 10150 | D:8      | Reached XP level 10. HP: 56/68 MP: 8/10
 10427 | D:8      | Learned a level 1 spell: Apportation
 10429 | D:8      | Learned a level 1 spell: Corona
 11048 | D:8      | Reached *** piety under Wu Jian
 11182 | D:8      | Identified the Almanac of Floating Boosts
 11235 | D:8      | Noticed a two-headed ogre
 11237 | D:8      | Killed a two-headed ogre
 11444 | D:8      | Learned a level 1 spell: Infusion
 11447 | D:8      | Learned a level 2 spell: Swiftness
 11471 | D:8      | Noticed a two-headed ogre
 12201 | D:8      | Reached skill level 1 in Spellcasting
 12463 | D:8      | Killed a two-headed ogre
 12960 | D:9      | Reached XP level 11. HP: 56/75 MP: 8/15
 13680 | D:9      | Reached skill level 1 in Charms
 14066 | D:9      | Reached skill level 5 in Long Blades
 14406 | D:10     | Entered Level 10 of the Dungeon
 14444 | D:10     | Found Oqiwir's Jewellery Boutique.
 14446 | D:10     | Found Perchox's Assorted Antiques.
 14462 | D:10     | Bought a purple potion for 27 gold pieces
 14462 | D:10     | Bought a murky inky potion for 27 gold pieces
 14468 | D:10     | Bought an uncursed ring of see invisible for 240 gold
                  | pieces
 14486 | D:10     | Found an ornate altar of the Wu Jian Council.
 14739 | D:10     | Noticed a two-headed ogre
 14750 | D:10     | Killed a two-headed ogre
 14829 | D:10     | Reached **** piety under Wu Jian
 14893 | D:10     | Found a staircase to the Lair.
 15391 | D:10     | Reached skill level 5 in Transmutations
 15652 | D:10     | Noticed an unseen horror
 15659 | D:10     | Killed an unseen horror
 15659 | D:10     | Reached skill level 1 in Evocations
 15666 | D:10     | Found Wyot's Jewellery Emporium.
 15826 | D:10     | Noticed Joseph
 15829 | D:10     | Killed Joseph
 16857 | D:10     | Found Hiafoatu's Gadget Boutique.
 17150 | Lair:1   | Entered Level 1 of the Lair of Beasts
 17425 | Lair:1   | Reached XP level 12. HP: 84/84 MP: 16/18
 17902 | Lair:1   | Noticed Sonja
 17911 | Lair:1   | Killed Sonja
 18875 | Lair:2   | Noticed Harold
 19834 | Lair:2   | Reached ***** piety under Wu Jian
 21095 | Lair:2   | Slain by an elephant

Illustrated notes

Levels and vault maps discovered:
D:1:      minmay_arrival_checkered_box, layout_basic, serial_bayou_lagoon_a
D:2:      layout_loops_ring, eino_tiny_chamber, amethyst_killhole
D:3:      layout_loops_cross, grunt_temple_overflow_octagram
D:4:      layout_basic, overflow_temple_1_default,
          chequers_temple_overflow_statue_of_worship, minmay_temple_entry_hall,
          first_ration, uniq_sigmund, uniq_robin, uniq_ijyb
D:5:      layout_loops_ring, makhleb_heckhound_becter, led_sif_pool,
          overflow_temple_1_default
D:6:      layout_loops_ring, basic_altar, uniq_menkaure
D:7:      layout_loops_cross, the_bakery
D:8:      layout_gridville
D:9:      layout_cave_pools
D:10:     layout_basic, erik_lair_island, serial_shops, shop,
          nicolae_shop_stone, shop, shop, kennysheep_diamond,
          minmay_diced_spiral, uniq_joseph
Temple:   jpeg_temple_island
Lair:1:   layout_long_grid, cheibrodos_lair_caveside_slide,
          kennysheep_abandoned_house, lemuel_fruit_tree, serial_bayou_shore_b,
          lemuel_fruit_fields, uniq_sonja
Lair:2:   layout_cave_pods, grunt_megastairs_2, uniq_harold

Skill      XL: |  1  2  3  4  5  6  7  8  9 10 11 12 |
---------------+-------------------------------------+-----
Dodging        | 2 3 4 5 6 7 8 9 |  9.2
Throwing       | 3 4 5 6 7 |  7.9
Fighting       | 3 4 5 6 7 8 9 |  9.6
Short Blades   | 3 4 5 6 |  6.0
Long Blades    | 1 2 4 6 |  6.9
Maces & Flails | 1 |  1.4
Stealth        | 7 8 9 |  9.4
Slings         | 1 2 3 |  3.1
Transmutations | 1 3 5 6 |  6.8
Spellcasting   | 2 4 |  4.7
Charms         | 1 2 |  2.3
Evocations     | 1 |  1.5
Hexes          | |  0.6

Action                   |  1- 3 |  4- 6 |  7- 9 | 10-12 || total
-------------------------+-------+-------+-------+-------++-------
Melee: Dagger            |    47 |    66 |   307 |    80 ||   500
       Constrict         |     9 |    11 |    73 |   113 ||   206
       Tentacles         |     4 |    11 |    79 |   148 ||   242
       Mace              |       |       |    11 |       ||    11
       Long sword        |       |       |     4 |       ||     4
       Falchion          |       |       |    47 |   559 ||   606
       Kick              |       |       |    11 |   140 ||   151
       Hunting sling     |       |       |       |     2 ||     2
 Fire: Hunting sling     |       |       |    16 |    59 ||    75
Throw: Dart              |     2 |    23 |    64 |    52 ||   141
       Stone             |       |       |    12 |       ||    12
       Boomerang         |       |       |    21 |    79 ||   100
 Cast: Beastly Appendage |       |       |     8 |    61 ||    69
       Sticks to Snakes  |       |       |       |    17 ||    17
       Infusion          |       |       |       |    41 ||    41
       Corona            |       |       |       |     4 ||     4
Invok: Lunge             |       |       |    22 |    41 ||    63
       Whirlwind         |       |       |     5 |   103 ||   108
       Serpent's Lash    |       |       |       |     5 ||     5
 Abil: Wall Jump         |       |       |     5 |    94 ||    99
Evoke: Wand              |       |       |     5 |    36 ||    41
  Use: Scroll            |       |     9 |     7 |    14 ||    30
       Potion            |       |     3 |     3 |     4 ||    10
 Stab: Sleeping          |    14 |     9 |    28 |    14 ||    65
       Distracted        |       |       |     2 |     2 ||     4
       Paralysed         |       |       |     1 |    11 ||    12
  Eat: Chunk             |     3 |     5 |    21 |    34 ||    63
       Ration            |       |       |       |     1 ||     1
Armor: Skin              |     6 |     4 |    23 |    73 ||   106
Dodge: Dodged            |    26 |    44 |   205 |   530 ||   805
Block: Other             |       |       |    19 |   152 ||   171
       Reflection        |       |       |     2 |     6 ||     8
       Rpst.: Long sword |       |       |     2 |       ||     2
       Falchion          |       |       |    11 |   126 ||   137
